 Dungeon Crawl Stone Soup version 0.29.1-13-g9f3cf754e1 (webtiles) character file.

Game seed: 7702081378084316688

79 LustLizard the Cutter (level 4, -4/35 HPs)
             Began as a Merfolk Gladiator on Jan 21, 2023.
             Slain by Natasha (7 damage)
             ... on level 2 of the Dungeon.
             The game lasted 00:03:07 (2041 turns).

LustLizard the Cutter (Merfolk Gladiator)           Turns: 2041, Time: 00:03:08

Health: -4/35      AC:  4    Str: 14    XL:     4   Next: 38%
Magic:  4/4        EV: 13    Int:  9    God:
Gold:   112        SH:  5    Dex: 15    Spells: 3/3 levels left

rFire   . . .      SeeInvis .   a - +0 rapier
rCold   . . .      Faith    .   (no shield)
rNeg    . . .      Spirit   .   b - +0 leather armour
rPois   .          Reflect  +   c - +0 helmet
rElec   .          Harm     .   (no cloak)
rCorr   .          Rampage  .   (no gloves)
Will    .....                   (no boots)
Stlth   ++........              h - amulet of reflection
HPRegen 0.11/turn               (no ring)
MPRegen 0.09/turn               (no ring)

@: slowed, very slow
A: (nimble swimmer 2), mertail
a: no special abilities


You were on level 2 of the Dungeon.
You visited 1 branch of the dungeon, and saw 2 of its levels.

You collected 112 gold pieces.

Inventory:

Hand Weapons
 a - a +0 rapier (weapon)
Missiles
 d - 3 throwing nets
 e - a javelin
 g - 6 silver javelins
 l - 15 stones (quivered)
 m - 6 boomerangs
Armour
 b - a +0 leather armour (worn)
 c - a +0 helmet (worn)
Jewellery
 h - an amulet of reflection (around neck)
 r - an amulet of magic regeneration
 t - a ring of ice
Scrolls
 f - a scroll of vulnerability {unknown}
 n - a scroll of teleportation {unknown}
 p - 2 scrolls of identify {unknown}
 u - a scroll of immolation {unknown}
Potions
 i - a potion of flight {unknown}
 j - 2 potions of lignification {unknown}
 k - a potion of curing {unknown}
 o - a potion of invisibility {unknown}
 q - 2 potions of mutation {unknown}
 s - 2 potions of ambrosia {unknown}


   Skills:
 - Level 3.0 Fighting
 * Level 4.9 Short Blades
 + Level 2.3 Throwing
 - Level 4.0 Dodging
 + Level 2.0 Stealth


You had 3 spell levels left.
You didn't know any spells.
Your spell library contained the following spells:

 Spells                   Type           Power      Damage    Failure   Level
 Cause Fear               Hex            0%         N/A       99%         4
 Summon Forest            Summ/Tloc      0%         N/A       100%        5
 Summon Mana Viper        Hex/Summ       0%         N/A       100%        5
 Summon Cactus Giant      Summ           0%         N/A       100%        6
 Dragon Form              Tmut           0%         N/A       100%        7
 Dragon's Call            Summ           0%         N/A       100%        9


Dungeon Overview and Level Annotations

Branches:
Dungeon (2/15)

Altars:

Annotations:
D:2 Natasha, Sigmund


Innate Abilities, Weirdness & Mutations

((You are very nimble when in or above water. (Stealth+, EV+, Speed+++)))
Your lower body shifts to a powerful aquatic tail in water.


Message History

You closely miss Natasha.
Natasha is moderately wounded.
Natasha casts a spell at you.
You feel yourself slow down.
You hit Natasha.
Natasha is moderately wounded.
Natasha claws you. Natasha barely misses you.
You puncture Natasha!
Natasha is almost dead.
Natasha mumbles some strange words.
Throw: 18 stones
Press: ? - help, Q - select action, (/) - cycle Shift-Dir - straight line, f - crimson imp
Aim: a crimson imp (summoned, 46% to hit)
You throw a stone.
The stone barely misses the crimson imp.
Natasha casts a spell at you. The magic dart hits you.
* * * LOW HITPOINT WARNING * * *
The crimson imp hits you.
* * * LOW HITPOINT WARNING * * *
The shadow imp puffs mist at you.
Natasha stares at you and mumbles some strange words.
You feel as though you will be slow longer.
Throw: 17 stones
Press: ? - help, Q - select action, (/) - cycle Shift-Dir - straight line, f - Natasha, p - crimson imp
Aim: Natasha (severely wounded, 53% to hit)
You throw a stone.
The stone hits Natasha but does no damage.
Natasha is severely wounded.
The crimson imp barely misses you.
Natasha mumbles some strange words.
The crimson imp blinks!
Throw: 16 stones
Press: ? - help, Q - select action, (/) - cycle Shift-Dir - straight line, f/p - Natasha
Aim: Natasha (severely wounded, 53% to hit)
You throw a stone.
The stone hits Natasha but does no damage.
Natasha is severely wounded.
Natasha claws you!
You die...

####### #.....###########
#.....#.........# ##
#.....#.........# #.
#...>...........############.
#........................÷.÷.
#.....##)5..###.........####.
####....###.@h5.........# #.
####.# ####5.........# #. #.#
#..........# #. #.#
##.........# #. #.#
#..############ #.# ##.#
....... #.# #.. .......
######.#### ##.. .......
#.........# ##. ........


You could see Natasha, a crimson imp (summoned) and 2 shadow imps.

Vanquished Creatures
  Natasha (D:2)
  2 adders (D:2)
  5 ball pythons
  4 endoplasms
  6 goblins (D:1)
  2 hobgoblins
  A quokka (D:2)
  3 bats
  8 kobolds
  4 rats (D:1)
36 creatures vanquished.

Vanquished Creatures (others)
  4 plants (D:2)
4 creatures vanquished.

Grand Total: 40 creatures vanquished

Notes
Turn   | Place    | Note
-------+----------+-------------------------------------------
     0 | D:1      | LustLizard the Merfolk Gladiator began the quest for the
                  | Orb.
     0 | D:1      | Reached XP level 1. HP: 16/16 MP: 1/1
   354 | D:1      | Reached XP level 2. HP: 23/23 MP: 2/2
   539 | D:1      | Reached skill level 1 in Stealth
   823 | D:1      | Found a faded altar of an unknown god.
   863 | D:1      | You fall into a shaft and drop 1 floor!
   906 | D:2      | Reached XP level 3. HP: 26/28 MP: 3/3
   995 | D:2      | Noticed Natasha
  1013 | D:2      | Killed Natasha
  1356 | D:2      | Reached XP level 4. HP: 26/34 MP: 4/4
  1491 | D:2      | Noticed Sigmund
  2025 | D:2      | Noticed Natasha
  2041 | D:2      | Slain by Natasha

Illustrated notes

Levels and vault maps discovered:
D:1:      dpeg_arrival_windows_large_door, layout_basic,
          shapermc_ecumenical_altar_hornbeckon
D:2:      cheibrodos_old_hovel, layout_basic, uniq_natasha, uniq_sigmund

Skill      XL: |  1  2  3  4 |
---------------+-------------+-----
Short Blades   | 4 |  4.9
Stealth        | 1 2 |  2.0
Fighting       | 3 |  3.0
Throwing       | |  2.3
Dodging        | |  4.0

Action                   |  1- 3 |  4- 6 || total
-------------------------+-------+-------++-------
Melee: Rapier            |    81 |    34 ||   115
Throw: Throwing net      |     1 |       ||     1
       Stone             |       |     3 ||     3
 Stab: Sleeping          |     1 |     2 ||     3
       Held in net/web   |     1 |       ||     1
Armor: Leather armour    |    21 |     4 ||    25
Dodge: Dodged            |    49 |    18 ||    67
Block: Other             |    13 |    10 ||    23
       Reflection        |     2 |       ||     2
